 Dungeon Crawl Stone Soup version 0.21.0 (webtiles) character file.

1438 Megalobster the Cleaver (level 8, -11/70 HPs)
             Began as a Minotaur Berserker on Jan 5, 2018.
             Was an Elder of Trog.
             Killed from afar by an electric eel (16 damage)
             ... with a bolt of electricity
             ... on level 6 of the Dungeon.
             The game lasted 00:24:18 (5359 turns).

Megalobster the Cleaver (Minotaur Berserker)        Turns: 5359, Time: 00:24:18

Health: -11/70     AC: 15    Str: 23    XL:     8   Next: 45%
Magic:  7/7        EV: 13    Int:  4    God:    Trog [****..]
Gold:   309        SH:  5    Dex: 11    Spells: 7/7 levels left

rFire    . . .     SeeInvis .   a - +0 hand axe
rCold    . . .     Gourm    .   y - +0 buckler
rNeg     . . .     Faith    .   H - +4 ring mail
rPois    .         Spirit   .   x - +0 hat
rElec    .         Reflect  .   q - +1 cloak
rCorr    .         Harm     +   J - +0 pair of gloves
MR       +....                  (no boots)
Stlth    +.........             f - amulet of harm
HPRegen  0.21/turn              j - ring of protection from magic
MPRegen  0.10/turn              M - +2 ring of protection

@: no status effects
A: retaliatory headbutt, horns 2
a: Berserk, Trog's Hand, Brothers in Arms, Burn Spellbooks, Renounce Religion


You were on level 6 of the Dungeon.
You worshipped Trog.
Trog was greatly pleased with you.
You were not hungry.

You visited 1 branch of the dungeon, and saw 6 of its levels.
You also visited: Sewer.

You collected 309 gold pieces.

Inventory:

Hand Weapons
 a - a +0 hand axe (weapon)
 A - a +0 club
Missiles
 d - 147 stones (quivered)
 B - a tomahawk
 N - 8 javelins of returning
Armour
 b - a +0 animal skin
 q - a +1 cloak (worn)
 t - a +0 shield
 x - a +0 hat (worn)
 y - a +0 buckler (worn)
 H - a +4 ring mail (worn)
 J - a +0 pair of gloves (worn)
 O - a +1 ring mail of magic resistance
Jewellery
 f - an amulet of harm (around neck)
 j - a ring of protection from magic (left hand)
 s - an uncursed ring of ice
 G - an uncursed ring of protection from fire
 M - a +2 ring of protection (right hand)
Wands
 z - a wand of flame (16)
Scrolls
 g - a scroll of random uselessness {unknown}
 h - a scroll of immolation {unknown}
 l - a scroll of noise {unknown}
 o - 3 scrolls of blinking {unknown}
 r - 5 scrolls of identify {unknown}
 u - a scroll of teleportation {unknown}
 C - a scroll of enchant weapon {unknown}
 D - 3 scrolls of remove curse {unknown}
 E - a scroll of magic mapping {unknown}
 F - 2 scrolls of fear {unknown}
Potions
 e - a potion of resistance {unknown}
 i - a potion of degeneration
 k - a potion of curing {unknown}
 m - a potion of experience {unknown}
 n - 4 potions of flight
 p - 2 potions of cancellation {unknown}
 v - a potion of invisibility {unknown}
 w - 2 potions of agility
 K - a potion of might {unknown}
 L - a potion of lignification {unknown}
Comestibles
 c - 12 rations


   Skills:
 + Level 6.2 Fighting
 * Level 8.0 Axes
 + Level 5.5 Armour
 + Level 5.0 Dodging
 * Level 5.4 Shields


You had 7 spell levels left.
You didn't know any spells.

Dungeon Overview and Level Annotations

Branches:
Dungeon (6/15)             Temple (0/1) D:4

Altars:
Dithmenos
Fedhas
Makhleb
Nemelex Xobeh
Okawaru
Uskayaw
Xom


Innate Abilities, Weirdness & Mutations

You reflexively headbutt those who attack you in melee.
You have a pair of horns on your head.


Message History

The plant is moderately damaged.
The electric eel shoots out a bolt of lightning at you!
The bolt of electricity hits you!
You slash the plant! You headbutt the plant!
The plant is almost destroyed.
The electric eel shoots out a bolt of lightning at you!
The bolt of electricity hits you!
* * * LOW HITPOINT WARNING * * *
You hit the plant.
The plant is almost destroyed.
You hit the plant.
You headbutt the plant, but do no damage.
The plant is almost destroyed.
You hit the plant but do no damage.
The plant is almost destroyed.
The electric eel shoots out a bolt of lightning at you!
The bolt of electricity hits you!
* * * LOW HITPOINT WARNING * * *
The bolt of electricity hits you!
You die...

.# .# ... #..... #.#
..... #.. ###.#.# #..
##...#.# #.# ##......#
#.#####.########.......#
.......................#
....##.########@.>....#
. #.# #.......## # #)#
#.##...## #. #)# #.
##...## #.#####.#
#.♣≈P♣♣;≈♣♣ .#......#
≈≈≈♣♣ ♣≈≈≈♣ #.#.###.#
♣≈♣≈♣≈≈≈≈≈≈≈≈≈♣
#....<#.# ≈≈≈≈≈≈≈≈≈≈♣≈P♣
........♣ ≈≈
≈≈≈≈≈≈≈≈≈≈≈≈♣


You could see an electric eel.

Vanquished Creatures
  An orc warrior (D:3)
  An ice beast (D:5)
  2 sky beasts (D:5)
  2 ogres
  A centaur (D:5)
  A scorpion (D:4)
  2 electric eels (D:6)
  A howler monkey (D:5)
  A centaur zombie (D:5)
  A hound (D:4)
  Crazy Yiuf (D:2)
  2 orc priests (D:3)
  Jessica (D:2)
  2 orc wizards (D:4)
  5 worker ants
  A killer bee zombie (D:5)
  Robin (D:2)
  4 gnolls (D:6)
  8 adders
  A shadow imp (D:5)
  4 oozes
  7 worms
  A dart slug (D:1)
  3 leopard geckos
  11 orcs
  3 giant cockroaches
  16 goblins
  8 hobgoblins
  7 jackals
  2 quokkas
  4 ball pythons
  15 bats
  5 frilled lizards
  3 kobolds
  A quokka skeleton (D:4)
  6 rats
  A plant (D:6)
136 creatures vanquished.

Notes
Turn   | Place    | Note
-------+----------+-------------------------------------------
     0 | D:1      | Megalobster the Minotaur Berserker began the quest for the Orb.
     0 | D:1      | Reached XP level 1. HP: 19/19 MP: 0/0
     2 | D:1      | Noticed a vampire
     2 | D:1      | Noticed a merfolk
     4 | D:1      | Noticed an ogre
     4 | D:1      | Noticed a human
     7 | D:1      | Noticed a draconian
     7 | D:1      | Noticed a gargoyle
     9 | D:1      | Noticed a halfling
     9 | D:1      | Noticed a minotaur
    13 | D:1      | Noticed a dwarf
    13 | D:1      | Noticed a troll
    15 | D:1      | Noticed a demonspawn
    17 | D:1      | Noticed a naga
    19 | D:1      | Noticed a centaur
    19 | D:1      | Noticed an octopode
    21 | D:1      | Noticed a spriggan
    21 | D:1      | Noticed an elf
    23 | D:1      | Noticed a vine stalker
    23 | D:1      | Noticed a demigod
    25 | D:1      | Noticed a tengu
    25 | D:1      | Noticed a formicid
    27 | D:1      | Noticed a ghoul
    27 | D:1      | Noticed a felid
   444 | D:1      | Reached XP level 2. HP: 26/27 MP: 1/1
   449 | D:1      | Reached skill level 4 in Axes
   671 | D:1      | Reached ** piety under Trog
   835 | D:2      | Noticed Robin
   846 | D:2      | Reached XP level 3. HP: 24/33 MP: 2/2
   852 | D:2      | Killed Robin
  1109 | D:2      | Noticed Jessica
  1118 | D:2      | Killed Jessica
  1118 | D:2      | Reached XP level 4. HP: 39/40 MP: 3/3
  1253 | D:2      | Found a blossoming altar of Fedhas.
  1253 | D:2      | Found an iron altar of Okawaru.
  1254 | D:2      | Found a shadowy altar of Dithmenos.
  1254 | D:2      | Found a burning altar of Makhleb.
  1254 | D:2      | Found a shimmering altar of Xom.
  1254 | D:2      | Found a sparkling altar of Nemelex Xobeh.
  1611 | D:2      | Found a runed door.
  1615 | D:2      | Noticed Crazy Yiuf
  1621 | D:2      | Killed Crazy Yiuf
  1621 | D:2      | Reached skill level 5 in Axes
  1916 | D:3      | Reached XP level 5. HP: 47/47 MP: 4/4
  1960 | D:3      | Found a glowing drain.
  1968 | D:3      | Reached *** piety under Trog
  1980 | Sewer    | Entered a sewer
  2844 | D:3      | Noticed an orc warrior
  2850 | D:3      | Reached skill level 1 in Shields
  2857 | D:3      | Killed an orc warrior
  2857 | D:3      | Reached skill level 6 in Axes
  2857 | D:3      | Reached XP level 6. HP: 33/55 MP: 5/5
  3422 | D:4      | Found a staircase to the Ecumenical Temple.
  3446 | D:4      | Reached skill level 5 in Fighting
  3673 | D:4      | Reached XP level 7. HP: 59/61 MP: 6/6
  4055 | D:5      | Entered Level 5 of the Dungeon
  4061 | D:5      | Reached **** piety under Trog
  4083 | D:5      | Reached skill level 7 in Axes
  4233 | D:5      | Found a hide-covered altar of Uskayaw.
  4281 | D:5      | Reached skill level 5 in Armour
  4444 | D:5      | Reached XP level 8. HP: 70/70 MP: 7/7
  4707 | D:5      | Received a gift from Trog
  4748 | D:6      | Reached skill level 5 in Shields
  4892 | D:6      | Reached skill level 5 in Dodging
  5349 | D:6      | Reached skill level 8 in Axes
  5359 | D:6      | Killed from afar by an electric eel

Skill      XL: |  1  2  3  4  5  6  7  8 |
---------------+-------------------------+-----
Axes           | 4 5 6 7 8 |  8.0
Fighting       | 4 5 6 |  6.2
Armour         | 3 4 5 |  5.5
Dodging        | 3 4 5 |  5.0
Shields        | 2 4 5 |  5.4

Action                   |  1- 3 |  4- 6 |  7- 9 || total
-------------------------+-------+-------+-------++-------
Melee: Hand axe          |    53 |   142 |   155 ||   350
       Headbutt          |     6 |    21 |    32 ||    59
Invok: Berserk           |     1 |     4 |     4 ||     9
       Trog's Hand       |     1 |     1 |     2 ||     4
  Use: Potion            |       |     2 |       ||     2
  Eat: Chunk             |     1 |    10 |     8 ||    19
       Ration            |       |     1 |     1 ||     2
Armor: Animal skin       |     8 |    38 |     2 ||    48
       Ring mail         |       |       |    33 ||    33
Dodge: Dodged            |    33 |    99 |    54 ||   186
Block: Buckler           |       |     8 |    28 ||    36
